Unix NetHack Version 3.7.0-65 Work-in-progress - last build Oct 10 2022 05:34:18 (2afc5cfc90f7ecdc2856d9919a2295b875398e55,branch:master).

Game began 2022-10-12 15:09:03, ended 2022-10-13 16:18:08.

rustyspoon, chaotic female orcish Wizard

  
unexplored area
unexplored area
unexplored area
unexplored area
unexplored area
unexplored area
unexplored area
unexplored area
unexplored area
unexplored area
unexplored area
unexplored area
unexplored area
unexplored area
unexplored area
unexplored area
unexplored area
unexplored area
unexplored area
unexplored area
unexplored area
unexplored area
unexplored area
unexplored area
unexplored area
unexplored area
unexplored area
unexplored area
unexplored area
unexplored area
unexplored area
unexplored area
unexplored area
unexplored area
unexplored area
unexplored area
unexplored area
unexplored area
unexplored area
unexplored area
unexplored area
unexplored area
unexplored area
unexplored area
unexplored area
unexplored area
unexplored area
unexplored area
unexplored area
unexplored area
unexplored area
unexplored area
unexplored area
unexplored area
unexplored area
unexplored area
unexplored area
unexplored area
unexplored area
unexplored area
unexplored area
unexplored area
unexplored area
unexplored area
unexplored area
unexplored area
unexplored area
unexplored area
unexplored area
unexplored area
unexplored area
unexplored area
unexplored area
unexplored area
unexplored area
unexplored area
unexplored area
unexplored area
unexplored area
unexplored area
unexplored area
unexplored area
unexplored area
unexplored area
unexplored area
unexplored area
unexplored area
unexplored area
unexplored area
unexplored area
unexplored area
unexplored area
unexplored area
unexplored area
unexplored area
unexplored area
unexplored area
unexplored area
unexplored area
unexplored area
unexplored area
unexplored area
unexplored area
unexplored area
unexplored area
unexplored area
unexplored area
unexplored area
unexplored area
unexplored area
unexplored area
unexplored area
unexplored area
unexplored area
unexplored area
unexplored area
unexplored area
unexplored area
unexplored area
unexplored area
unexplored area
unexplored area
unexplored area
unexplored area
unexplored area
unexplored area
unexplored area
unexplored area
unexplored area
unexplored area
unexplored area
unexplored area
unexplored area
unexplored area
unexplored area
unexplored area
unexplored area
unexplored area
unexplored area
unexplored area
unexplored area
unexplored area
unexplored area
unexplored area
unexplored area
unexplored area
unexplored area
unexplored area
unexplored area
unexplored area
unexplored area
unexplored area
unexplored area
unexplored area
unexplored area
unexplored area
unexplored area
unexplored area
unexplored area
unexplored area
unexplored area
unexplored area
unexplored area
unexplored area
unexplored area
unexplored area
unexplored area
unexplored area
unexplored area
unexplored area
unexplored area
unexplored area
unexplored area
unexplored area
unexplored area
unexplored area
unexplored area
unexplored area
unexplored area
unexplored area
unexplored area
unexplored area
unexplored area
unexplored area
unexplored area
unexplored area
unexplored area
unexplored area
unexplored area
unexplored area
unexplored area
unexplored area
unexplored area
unexplored area
unexplored area
unexplored area
3unknown creature causing you disquiet
unexplored area
unexplored area
unexplored area
unexplored area
unexplored area
unexplored area
unexplored area
unexplored area
unexplored area
unexplored area
unexplored area
unexplored area
unexplored area
unexplored area
unexplored area
unexplored area
unexplored area
unexplored area
unexplored area
unexplored area
unexplored area
unexplored area
unexplored area
unexplored area
unexplored area
unexplored area
unexplored area
unexplored area
unexplored area
unexplored area
unexplored area
unexplored area
unexplored area
unexplored area
unexplored area
unexplored area
unexplored area
unexplored area
unexplored area
unexplored area
unexplored area
unexplored area
unexplored area
unexplored area
unexplored area
unexplored area
unexplored area
unexplored area
unexplored area
unexplored area
unexplored area
unexplored area
unexplored area
unexplored area
unexplored area
unexplored area
unexplored area
unexplored area
unexplored area
unexplored area
unexplored area
unexplored area
unexplored area
unexplored area
unexplored area
unexplored area
unexplored area
unexplored area
unexplored area
unexplored area
unexplored area
unexplored area
unexplored area
unexplored area
unexplored area
wall
wall
wall
wall
wall
wall
wall
wall
wall
unexplored area
unexplored area
unexplored area
unexplored area
unexplored area
unexplored area
unexplored area
unexplored area
unexplored area
unexplored area
unexplored area
unexplored area
unexplored area
unexplored area
unexplored area
unexplored area
unexplored area
unexplored area
unexplored area
unexplored area
unexplored area
unexplored area
unexplored area
unexplored area
unexplored area
unexplored area
unexplored area
unexplored area
unexplored area
unexplored area
unexplored area
unexplored area
unexplored area
unexplored area
unexplored area
unexplored area
unexplored area
unexplored area
unexplored area
unexplored area
unexplored area
unexplored area
unexplored area
unexplored area
unexplored area
unexplored area
unexplored area
unexplored area
unexplored area
unexplored area
unexplored area
unexplored area
unexplored area
unexplored area
unexplored area
unexplored area
unexplored area
unexplored area
unexplored area
unexplored area
unexplored area
unexplored area
unexplored area
unexplored area
unexplored area
unexplored area
unexplored area
unexplored area
unexplored area
unexplored area
wall
.floor of a room
.floor of a room
.floor of a room
.floor of a room
.floor of a room
.floor of a room
.floor of a room
wall
unexplored area
unexplored area
unexplored area
unexplored area
unexplored area
unexplored area
unexplored area
unexplored area
unexplored area
unexplored area
unexplored area
unexplored area
unexplored area
unexplored area
unexplored area
unexplored area
unexplored area
unexplored area
unexplored area
unexplored area
unexplored area
unexplored area
unexplored area
unexplored area
unexplored area
unexplored area
unexplored area
unexplored area
unexplored area
unexplored area
unexplored area
unexplored area
unexplored area
unexplored area
unexplored area
unexplored area
unexplored area
unexplored area
unexplored area
unexplored area
unexplored area
unexplored area
unexplored area
unexplored area
unexplored area
unexplored area
unexplored area
unexplored area
unexplored area
unexplored area
unexplored area
unexplored area
unexplored area
unexplored area
unexplored area
unexplored area
unexplored area
unexplored area
unexplored area
unexplored area
unexplored area
unexplored area
unexplored area
unexplored area
unexplored area
unexplored area
unexplored area
unexplored area
unexplored area
unexplored area
wall
.floor of a room
.floor of a room
.floor of a room
.floor of a room
.floor of a room
.floor of a room
.floor of a room
wall
unexplored area
unexplored area
unexplored area
unexplored area
unexplored area
unexplored area
unexplored area
unexplored area
unexplored area
unexplored area
unexplored area
unexplored area
unexplored area
unexplored area
unexplored area
unexplored area
unexplored area
unexplored area
unexplored area
unexplored area
unexplored area
unexplored area
unexplored area
unexplored area
unexplored area
unexplored area
unexplored area
unexplored area
unexplored area
unexplored area
unexplored area
unexplored area
unexplored area
unexplored area
unexplored area
unexplored area
unexplored area
unexplored area
unexplored area
unexplored area
unexplored area
unexplored area
unexplored area
unexplored area
unexplored area
unexplored area
unexplored area
unexplored area
unexplored area
unexplored area
unexplored area
unexplored area
unexplored area
unexplored area
unexplored area
unexplored area
unexplored area
unexplored area
unexplored area
unexplored area
unexplored area
unexplored area
unexplored area
unexplored area
unexplored area
unexplored area
unexplored area
unexplored area
unexplored area
unexplored area
wall
.floor of a room
.floor of a room
@peaceful invisible high priestess of Anhur
@invisible orcish wizard called rustyspoon
.floor of a room
.floor of a room
AAngel of Thoth
wall
5unknown creature causing you dread
unexplored area
unexplored area
unexplored area
unexplored area
unexplored area
unexplored area
unexplored area
unexplored area
unexplored area
unexplored area
unexplored area
unexplored area
unexplored area
unexplored area
unexplored area
unexplored area
unexplored area
unexplored area
unexplored area
unexplored area
unexplored area
unexplored area
unexplored area
unexplored area
unexplored area
unexplored area
unexplored area
unexplored area
unexplored area
unexplored area
unexplored area
unexplored area
unexplored area
unexplored area
unexplored area
unexplored area
unexplored area
unexplored area
unexplored area
unexplored area
unexplored area
unexplored area
unexplored area
unexplored area
unexplored area
unexplored area
unexplored area
unexplored area
unexplored area
unexplored area
unexplored area
unexplored area
unexplored area
unexplored area
unexplored area
unexplored area
unexplored area
unexplored area
unexplored area
unexplored area
unexplored area
unexplored area
unexplored area
unexplored area
unexplored area
unexplored area
unexplored area
unexplored area
4unknown creature causing you alarm
wall
.floor of a room
.floor of a room
.floor of a room
.floor of a room
.floor of a room
.floor of a room
.floor of a room
wall
1unknown creature causing you concern
unexplored area
unexplored area
unexplored area
unexplored area
unexplored area
unexplored area
unexplored area
unexplored area
unexplored area
unexplored area
unexplored area
unexplored area
unexplored area
unexplored area
unexplored area
unexplored area
unexplored area
unexplored area
unexplored area
unexplored area
unexplored area
unexplored area
unexplored area
unexplored area
unexplored area
unexplored area
unexplored area
unexplored area
unexplored area
unexplored area
unexplored area
unexplored area
unexplored area
unexplored area
unexplored area
unexplored area
unexplored area
unexplored area
unexplored area
unexplored area
unexplored area
unexplored area
unexplored area
unexplored area
unexplored area
unexplored area
unexplored area
unexplored area
unexplored area
unexplored area
unexplored area
unexplored area
unexplored area
unexplored area
unexplored area
unexplored area
unexplored area
unexplored area
unexplored area
unexplored area
unexplored area
unexplored area
unexplored area
unexplored area
unexplored area
unexplored area
unexplored area
unexplored area
unexplored area
wall
.floor of a room
.floor of a room
.floor of a room
.floor of a room
.floor of a room
.floor of a room
.floor of a room
wall
unexplored area
unexplored area
unexplored area
unexplored area
unexplored area
unexplored area
unexplored area
unexplored area
unexplored area
unexplored area
unexplored area
unexplored area
unexplored area
unexplored area
unexplored area
unexplored area
unexplored area
unexplored area
unexplored area
unexplored area
unexplored area
unexplored area
unexplored area
unexplored area
unexplored area
unexplored area
unexplored area
unexplored area
unexplored area
unexplored area
unexplored area
unexplored area
unexplored area
unexplored area
unexplored area
unexplored area
unexplored area
unexplored area
unexplored area
unexplored area
unexplored area
unexplored area
unexplored area
unexplored area
unexplored area
unexplored area
unexplored area
unexplored area
unexplored area
unexplored area
unexplored area
unexplored area
unexplored area
unexplored area
unexplored area
unexplored area
unexplored area
unexplored area
unexplored area
unexplored area
unexplored area
unexplored area
unexplored area
unexplored area
unexplored area
unexplored area
unexplored area
wall
unexplored area
5unknown creature causing you dread
wall
wall
wall
wall
.doorway
wall
wall
wall
wall
4unknown creature causing you alarm
unexplored area
wall
unexplored area
unexplored area
unexplored area
unexplored area
unexplored area
unexplored area
unexplored area
unexplored area
unexplored area
unexplored area
unexplored area
unexplored area
unexplored area
unexplored area
unexplored area
unexplored area
unexplored area
unexplored area
unexplored area
unexplored area
unexplored area
unexplored area
unexplored area
unexplored area
unexplored area
unexplored area
unexplored area
unexplored area
unexplored area
unexplored area
unexplored area
unexplored area
unexplored area
unexplored area
unexplored area
unexplored area
unexplored area
unexplored area
unexplored area
unexplored area
unexplored area
unexplored area
unexplored area
unexplored area
unexplored area
unexplored area
unexplored area
unexplored area
unexplored area
unexplored area
unexplored area
unexplored area
unexplored area
unexplored area
unexplored area
unexplored area
unexplored area
unexplored area
unexplored area
unexplored area
unexplored area
unexplored area
unexplored area
unexplored area
wall
.dark part of a room
.dark part of a room
.dark part of a room
.dark part of a room
.dark part of a room
.dark part of a room
.floor of a room
.dark part of a room
.dark part of a room
.dark part of a room
.dark part of a room
4unknown creature causing you alarm
.dark part of a room
wall
unexplored area
unexplored area
unexplored area
unexplored area
unexplored area
unexplored area
unexplored area
unexplored area
unexplored area
unexplored area
unexplored area
unexplored area
unexplored area
unexplored area
unexplored area
unexplored area
unexplored area
unexplored area
unexplored area
unexplored area
unexplored area
unexplored area
unexplored area
unexplored area
unexplored area
unexplored area
unexplored area
unexplored area
unexplored area
unexplored area
unexplored area
unexplored area
unexplored area
unexplored area
unexplored area
unexplored area
unexplored area
unexplored area
unexplored area
unexplored area
unexplored area
unexplored area
unexplored area
unexplored area
unexplored area
unexplored area
unexplored area
unexplored area
unexplored area
unexplored area
unexplored area
unexplored area
unexplored area
unexplored area
unexplored area
unexplored area
unexplored area
unexplored area
unexplored area
unexplored area
unexplored area
unexplored area
unexplored area
unexplored area
wall
wall
wall
.dark part of a room
.dark part of a room
.dark part of a room
.dark part of a room
AAngel of Ptah
.dark part of a room
.dark part of a room
.dark part of a room
.dark part of a room
wall
wall
wall
unexplored area
unexplored area
unexplored area
unexplored area
unexplored area
unexplored area
unexplored area
unexplored area
unexplored area
unexplored area
unexplored area
unexplored area
unexplored area
unexplored area
unexplored area
unexplored area
unexplored area
unexplored area
unexplored area
unexplored area
unexplored area
unexplored area
unexplored area
unexplored area
unexplored area
unexplored area
unexplored area
unexplored area
unexplored area
unexplored area
unexplored area
unexplored area
unexplored area
unexplored area
unexplored area
unexplored area
unexplored area
unexplored area
unexplored area
unexplored area
unexplored area
unexplored area
unexplored area
unexplored area
unexplored area
unexplored area
unexplored area
unexplored area
unexplored area
unexplored area
unexplored area
unexplored area
unexplored area
unexplored area
unexplored area
unexplored area
unexplored area
unexplored area
unexplored area
unexplored area
unexplored area
unexplored area
unexplored area
unexplored area
unexplored area
unexplored area
wall
wall
wall
wall
wall
agiant beetle
wall
wall
wall
wall
wall
unexplored area
unexplored area
unexplored area
unexplored area
unexplored area
unexplored area
unexplored area
unexplored area
unexplored area
unexplored area
unexplored area
unexplored area
unexplored area
unexplored area
unexplored area
unexplored area
unexplored area
unexplored area
unexplored area
unexplored area
unexplored area
unexplored area
unexplored area
unexplored area
unexplored area
unexplored area
unexplored area
unexplored area
unexplored area
unexplored area
unexplored area
unexplored area
unexplored area
unexplored area
unexplored area
unexplored area
unexplored area
unexplored area
unexplored area
unexplored area
unexplored area
unexplored area
unexplored area
unexplored area
unexplored area
unexplored area
unexplored area
unexplored area
unexplored area
unexplored area
unexplored area
unexplored area
unexplored area
unexplored area
unexplored area
unexplored area
unexplored area
unexplored area
unexplored area
unexplored area
unexplored area
unexplored area
unexplored area
unexplored area
unexplored area
unexplored area
unexplored area
unexplored area
unexplored area
unexplored area
5unknown creature causing you dread
unexplored area
.dark part of a room
@priestess of Moloch
.dark part of a room
unexplored area
unexplored area
unexplored area
unexplored area
unexplored area
unexplored area
unexplored area
unexplored area
unexplored area
unexplored area
unexplored area
unexplored area
unexplored area
unexplored area
unexplored area
unexplored area
unexplored area
unexplored area
unexplored area
unexplored area
unexplored area
unexplored area
unexplored area
unexplored area
unexplored area
unexplored area
unexplored area
unexplored area
unexplored area
unexplored area
unexplored area
unexplored area
unexplored area
unexplored area
unexplored area
unexplored area
unexplored area
unexplored area
unexplored area
unexplored area
unexplored area
unexplored area
unexplored area
unexplored area
unexplored area
unexplored area
unexplored area
unexplored area
unexplored area
unexplored area
unexplored area
unexplored area
unexplored area
unexplored area
unexplored area
unexplored area
unexplored area
unexplored area
unexplored area
unexplored area
unexplored area
unexplored area
unexplored area
unexplored area
unexplored area
unexplored area
unexplored area
unexplored area
unexplored area
unexplored area
unexplored area
unexplored area
unexplored area
unexplored area
1unknown creature causing you concern
4unknown creature causing you alarm
.dark part of a room
.dark part of a room
.dark part of a room
unexplored area
unexplored area
unexplored area
unexplored area
unexplored area
unexplored area
unexplored area
unexplored area
unexplored area
unexplored area
unexplored area
unexplored area
unexplored area
unexplored area
unexplored area
unexplored area
unexplored area
unexplored area
unexplored area
unexplored area
unexplored area
unexplored area
unexplored area
unexplored area
unexplored area
unexplored area
unexplored area
unexplored area
unexplored area
unexplored area
unexplored area
unexplored area
unexplored area
unexplored area
unexplored area
unexplored area
unexplored area
unexplored area
unexplored area
unexplored area
unexplored area
unexplored area
unexplored area
unexplored area
unexplored area
unexplored area
unexplored area
unexplored area
unexplored area
unexplored area
unexplored area
unexplored area
unexplored area
unexplored area
unexplored area
unexplored area
unexplored area
unexplored area
unexplored area
unexplored area
unexplored area
unexplored area
unexplored area
unexplored area
unexplored area
unexplored area
unexplored area
unexplored area
unexplored area
unexplored area
unexplored area
unexplored area
unexplored area
unexplored area
unexplored area
1unknown creature causing you concern
.dark part of a room
@barbarian called Richard the Reaver
.dark part of a room
5unknown creature causing you dread
unexplored area
unexplored area
unexplored area
unexplored area
.dark part of a room
.dark part of a room
.dark part of a room
unexplored area
unexplored area
unexplored area
unexplored area
unexplored area
unexplored area
unexplored area
unexplored area
unexplored area
unexplored area
unexplored area
unexplored area
unexplored area
unexplored area
unexplored area
unexplored area
unexplored area
unexplored area
unexplored area
unexplored area
unexplored area
unexplored area
unexplored area
unexplored area
unexplored area
unexplored area
unexplored area
unexplored area
unexplored area
unexplored area
unexplored area
unexplored area
unexplored area
unexplored area
unexplored area
unexplored area
unexplored area
unexplored area
unexplored area
unexplored area
unexplored area
unexplored area
unexplored area
unexplored area
unexplored area
unexplored area
unexplored area
unexplored area
unexplored area
unexplored area
unexplored area
unexplored area
unexplored area
unexplored area
unexplored area
unexplored area
unexplored area
unexplored area
unexplored area
unexplored area
unexplored area
unexplored area
unexplored area
unexplored area
unexplored area
unexplored area
unexplored area
unexplored area
.dark part of a room
.dark part of a room
.dark part of a room
.dark part of a room
unexplored area
unexplored area
wall
wall
.dark part of a room
.dark part of a room
.dark part of a room
unexplored area
unexplored area
unexplored area
unexplored area
unexplored area
unexplored area
unexplored area
unexplored area
unexplored area
unexplored area
unexplored area
unexplored area
unexplored area
unexplored area
unexplored area
unexplored area
unexplored area
unexplored area
unexplored area
unexplored area
unexplored area
unexplored area
unexplored area
unexplored area
unexplored area
unexplored area
unexplored area
unexplored area
unexplored area
unexplored area
unexplored area
unexplored area
unexplored area
unexplored area
unexplored area
unexplored area
unexplored area
unexplored area
unexplored area
unexplored area
unexplored area
unexplored area
unexplored area
unexplored area
unexplored area
unexplored area
unexplored area
unexplored area
unexplored area
unexplored area
unexplored area
unexplored area
unexplored area
unexplored area
unexplored area
unexplored area
unexplored area
unexplored area
unexplored area
unexplored area
unexplored area
unexplored area
unexplored area
unexplored area
unexplored area
unexplored area
unexplored area
unexplored area
.dark part of a room
%Pestilence's corpse
.dark part of a room
.dark part of a room
unexplored area
wall
wall
.dark part of a room
.dark part of a room
.dark part of a room
.dark part of a room
unexplored area
unexplored area
unexplored area
unexplored area
unexplored area
unexplored area
unexplored area
unexplored area
unexplored area
unexplored area
unexplored area
unexplored area
unexplored area
unexplored area
unexplored area
unexplored area
unexplored area
unexplored area
unexplored area
unexplored area
unexplored area
unexplored area
unexplored area
unexplored area
unexplored area
unexplored area
unexplored area
unexplored area
unexplored area
unexplored area
unexplored area
unexplored area
unexplored area
unexplored area
unexplored area
unexplored area
unexplored area
unexplored area
unexplored area
unexplored area
unexplored area
unexplored area
unexplored area
unexplored area
unexplored area
unexplored area
unexplored area
unexplored area
unexplored area
unexplored area
unexplored area
unexplored area
unexplored area
unexplored area
unexplored area
unexplored area
unexplored area
unexplored area
unexplored area
unexplored area
unexplored area
unexplored area
unexplored area
unexplored area
unexplored area
unexplored area
unexplored area
unexplored area
wall
@priest of Moloch
wall
wall
wall
wall
.dark part of a room
.dark part of a room
.dark part of a room
wall
unexplored area
unexplored area
unexplored area
unexplored area
unexplored area
unexplored area
unexplored area
unexplored area
unexplored area
unexplored area
unexplored area
unexplored area
unexplored area
unexplored area
unexplored area
unexplored area
unexplored area
unexplored area
unexplored area
unexplored area
unexplored area
unexplored area
unexplored area
unexplored area
unexplored area
unexplored area
unexplored area
unexplored area
unexplored area
unexplored area
unexplored area
unexplored area
unexplored area
unexplored area
unexplored area
unexplored area
unexplored area
unexplored area
unexplored area
unexplored area
unexplored area
unexplored area
unexplored area
unexplored area
unexplored area
unexplored area
unexplored area
unexplored area
unexplored area
unexplored area
unexplored area
unexplored area
unexplored area
unexplored area
unexplored area
unexplored area
unexplored area
unexplored area
unexplored area
unexplored area
unexplored area
unexplored area
unexplored area
unexplored area
unexplored area
unexplored area
unexplored area
unexplored area
unexplored area
.dark part of a room
.dark part of a room
.dark part of a room
.dark part of a room
.dark part of a room
.dark part of a room
.dark part of a room
.dark part of a room
unexplored area
unexplored area
unexplored area
unexplored area
unexplored area
unexplored area
unexplored area
unexplored area
unexplored area
unexplored area
unexplored area
unexplored area
unexplored area
unexplored area
unexplored area
unexplored area
unexplored area
unexplored area
unexplored area
unexplored area
unexplored area
unexplored area
unexplored area
unexplored area
unexplored area
unexplored area
unexplored area
unexplored area
unexplored area
unexplored area
unexplored area
unexplored area
unexplored area
unexplored area
unexplored area
unexplored area
unexplored area
unexplored area
unexplored area
unexplored area
unexplored area
unexplored area
unexplored area
unexplored area
unexplored area
unexplored area
unexplored area
unexplored area
unexplored area
unexplored area
unexplored area
unexplored area
unexplored area
unexplored area
unexplored area
unexplored area
unexplored area
unexplored area
unexplored area
unexplored area
unexplored area
unexplored area
unexplored area
unexplored area
unexplored area
unexplored area
unexplored area
unexplored area
unexplored area
unexplored area
unexplored area
wall
wall
wall
wall
wall
wall
wall
unexplored area
unexplored area
unexplored area
unexplored area
unexplored area
unexplored area
unexplored area
unexplored area
unexplored area
unexplored area
unexplored area
unexplored area
unexplored area
unexplored area
unexplored area
unexplored area
unexplored area
unexplored area
unexplored area
unexplored area
unexplored area
unexplored area
unexplored area
unexplored area
unexplored area
unexplored area
unexplored area
unexplored area
unexplored area
unexplored area
unexplored area
unexplored area
unexplored area
unexplored area
[Rustyspoon the Sorceress ] St:18/49 Dx:18 Co:18 In:20 Wi:19 Ch:16 Chaotic Astral Plane $:0 HP:319(319) Pw:147(160) AC:-38 Xp:19 T:46360 Satiated Lev

Latest messages:

The Angel of Moloch points at you, then curses.
The invisible Angel of Moloch points at you, then curses.
What do you want to zap? [p-ryzQ or ?*]
In what direction?
The priest of Thoth vanishes!
The renegade priestess of Anhur vanishes!
The Angel of Ptah vanishes!
The renegade Angel of Anhur zaps you with a magic missile!
The magic missile whizzes by you!
The Angel of Thoth wields a long sword!
The Angel of Thoth hurls a potion of blindness!
The phial crashes on your head and breaks into shards.
The potion of blindness evaporates.
It suddenly gets dark.
The magic missile hits the renegade Angel of Anhur.
The priest of Moloch casts a spell!
The priest of Moloch summons insects around a spot near you!
The magic missile hits the priestess of Anhur!
The magic missile hits the priest of Ptah.
You hear a mumbled curse.
You hear a mumbled curse.
You hear a chugging sound.
What do you want to use or apply? [befko-rtuyzKMQ or ?*]
You can see again.
The invisible high priestess intones:
"Pilgrim, you enter a sacred place!"
The renegade Angel of Anhur zaps you with a magic missile!
The magic missile hits the fire ant!
The magic missile hits it.
The magic missile whizzes by you!
You hear a chugging sound.
The Angel of Ptah swings her long sword at the priestess of Anhur.
The Angel of Ptah hits the priestess of Anhur.
The Angel of Ptah swings her long sword at the priestess of Anhur.
The Angel of Ptah hits the priestess of Anhur.
The Angel of Ptah hits the priestess of Anhur.
You hear a mumbled curse.
You hear a mumbled curse.
The Angel of Ptah zaps you with a magic missile!
The magic missile whizzes by you!
"Thy reckoning is at hand, rustyspoon."
You hear a mumbled curse.
There is a high altar to Anhur (chaotic) here.
What do you want to sacrifice? [l or ?*]
You offer the Amulet of Yendor to Anhur...
An invisible choir sings, and you are bathed in radiance...
The voice of Anhur booms out: "Mortal, thou hast done well!"
"In return for thy service, I grant thee the gift of Immortality!"
You ascend to the status of Demigoddess...
Do you want your possessions identified? [ynq] (y)

Inventory:

Amulets

w - an uncursed amulet of guarding (being worn)
G - the blessed Eye of the Aethiopica

Weapons

a - the blessed rustproof +7 Magicbane (weapon in hand)

Armor

A - a blessed greased fireproof +5 T-shirt with text "You're killing me!" named "You're killing me!" (being worn)
B - a blessed greased +5 silver dragon scale mail (being worn)
C - a blessed greased fireproof +5 cloak of magic resistance (being worn)
D - a blessed fireproof +5 pair of speed boots (being worn)
E - a blessed +0 pair of leather gloves (being worn)
F - a blessed greased rustproof +4 helm of brilliance (being worn)

Comestibles

L - an uncursed lizard corpse named KFC

Spellbooks

f - the uncursed Book of the Dead

Rings

m - a blessed greased ring of conflict (on left hand)
H - a blessed ring of free action (on right hand)

Wands

p - an uncursed wand of teleportation (0:3)
q - an uncursed wand of teleportation (0:6)
r - an uncursed wand of death (0:2)
y - an uncursed wand of teleportation (0:4)
z - an uncursed wand of digging (0:0)
Q - an uncursed wand of teleportation (0:4)

Tools

b - a blessed greased bag of holding containing 87 items
e - a blessed stethoscope
k - an uncursed skeleton key
o - the uncursed Candelabrum of Invocation (0 of 7 candles attached)
t - a blessed blindfold
u - a blessed +0 unicorn horn named Lh;
K - an uncursed sack named cancellation containing 1 item
M - the uncursed Bell of Opening (0:1)

Gems/Stones

x - a blessed luckstone

Contents of the bag of holding:

an uncursed amulet of life saving
an uncursed amulet of life saving
an uncursed amulet of magical breathing
an uncursed +1 athame
8 uncursed +0 elven daggers
an uncursed +0 silver dagger named !c
an uncursed -1 helm of opposite alignment
an uncursed -5 pair of levitation boots
a blessed +0 pair of water walking boots
9 uncursed food rations
an uncursed lizard corpse named MCD
a blessed scroll of scare monster
10 blessed scrolls of blank paper
44 uncursed scrolls of blank paper
2 blessed scrolls of charging
an uncursed scroll of create monster
an uncursed scroll of destroy armor
a blessed scroll of earth
2 uncursed scrolls of earth
an uncursed scroll of enchant armor
a blessed scroll of enchant weapon
an uncursed scroll of enchant weapon
3 uncursed scrolls of fire
2 uncursed scrolls of gold detection
an uncursed scroll of identify
7 uncursed scrolls of remove curse
2 uncursed scrolls of taming
a blessed spellbook of finger of death
an uncursed spellbook of magic missile
an uncursed diluted potion of extra healing
5 blessed diluted potions of full healing
2 blessed potions of gain energy
a cursed potion of healing
2 uncursed potions of levitation
an uncursed potion of monster detection
3 uncursed potions of paralysis
4 uncursed potions of restore ability
an uncursed potion of speed
a cursed potion of speed
20 potions of holy water
5 uncursed potions of water
5 potions of unholy water
an uncursed ring of hunger
a blessed ring of levitation
an uncursed ring of levitation
an uncursed ring of levitation
an uncursed ring of regeneration
a blessed ring of shock resistance
an uncursed ring of shock resistance
an uncursed ring of slow digestion
an uncursed ring of teleport control
an uncursed wand of cold (0:4)
an uncursed wand of digging (0:7)
an uncursed wand of digging (0:5)
an uncursed wand of digging (0:5)
an uncursed wand of digging (0:5)
an uncursed wand of digging (0:5)
an uncursed wand of digging (0:5)
an uncursed wand of fire (0:5)
an uncursed wand of fire (0:4)
an uncursed wand of lightning (0:6)
an uncursed wand of lightning (0:4)
an uncursed wand of lightning (0:3)
an uncursed wand of magic missile (0:5)
an uncursed wand of magic missile (0:7)
an uncursed wand of magic missile (0:3)
an uncursed wand of secret door detection (0:14)
an uncursed wand of sleep (0:8)
an uncursed wand of sleep (0:6)
an uncursed wand of sleep (0:5)
an uncursed wand of sleep (0:7)
an uncursed wand of sleep (0:5)
an uncursed wand of sleep (0:4)
an uncursed wand of slow monster (0:7)
an uncursed wand of slow monster (0:7)
an uncursed wand of speed monster (0:3)
an uncursed wand of striking (0:8)
an uncursed wand of striking (0:4)
an uncursed wand of striking (0:6)
an uncursed wand of striking (0:6)
an uncursed bugle
an uncursed can of grease (0:5)
a blessed greased magic marker (0:11)
an uncursed +6 pick-axe
6 uncursed tallow candles
2 uncursed wax candles
an uncursed amethyst stone

Contents of the sack named cancellation:

an uncursed wand of cancellation (0:2)

Rustyspoon the Wizard's attributes:


Background:

You were a Sorceress, a level 19 female orcish Wizard.
You were chaotic, on a mission for Anhur
who was opposed by Ptah (lawful) and Thoth (neutral).
You were in the endgame, on the Astral Plane.
You entered the dungeon 46360 turns ago.
You had 2576131 experience points, 2543869 more were needed for level 20.

Basics:

You had all 319 hit points.
You had 147 out of 160 energy points (spell power).
Your armor class was -38.
Your wallet was empty.
Autopickup was off.

Final Characteristics:

Your strength was 18/49 (peak:18/50, limit:18/50).
Your dexterity was 18 (limit:18).
Your constitution was 18 (limit:18).
Your intelligence was 20 (base:16, innate limit:16).
Your wisdom was 19 (base:15, peak:16, innate limit:16).
Your charisma was 16 (limit:16).

Final Status:

You were levitating, at will.
You were satiated.
You were unencumbered.
You were wielding a dagger.
You had expert skill with dagger.

Final Attributes:

You were the Glory of Arioch.
You were piously aligned.
You were magic-protected.
You were fire resistant.
You were cold resistant.
You were sleep resistant.
You were disintegration resistant.
You were shock resistant.
You were poison resistant.
You saw invisible.
You were telepathic.
You were warned.
You had infravision.
You were invisible to others.
You caused conflict.
You had teleport control.
You had a large defense bonus (+11).
You were protected.
You took half spell damage.
You were very fast.
You had reflection.
You had free action.
You were extremely lucky.
You had extra luck.
Good luck did not time out for you.
You survived.

Miscellaneous:
You never encountered a bones level.
Total elapsed playing time was 5 hours, 35 minutes and 31 seconds.

Major events:

Turn

1: rustyspoon the chaotic female orcish Wizard entered the dungeon
1572: entered the Gnomish Mines
2147: attained the rank of Conjurer (level 3)
3571: attained the rank of Thaumaturge (level 6)
4683: reached Mine Town
5017: made her first wish - "blessed greased greased greased greased greased greased greased +2 silver dragon scale mail", got "a greased silver dragon scale mail"
9347: entered Sokoban
9759: completed 1st Sokoban level
10402: completed 2nd Sokoban level
11370: completed 3rd Sokoban level
13264: completed 4th Sokoban level
14276: attained the rank of Magician (level 10)
14638: acquired the Sokoban bag of holding
19920: acquired the Mines' End luckstone
24715: was bestowed with Magicbane by Anhur
25104: read a Discworld novel
28760: attained the rank of Enchantress (level 14)
30941: found the Eye of the Aethiopica on the floor
30977: killed the invisible Dark One
30978: acquired the Bell of Opening
31146: was chosen to take lives for the Glory of Anhur
31146: was bestowed with spellbook of finger of death
31838: performed her first genocide (class L)
37318: killed Medusa
39976: wished for "blessed greased fixed +2 t-shirt", got "a greased T-shirt"
40018: wished for "blessed greased fixed +2 helm of brilliance", got "a greased visored helmet"
40030: wished for "blessed magic marker", got "a magic marker"
40100: entered Gehennom
40661: attained the rank of Sorceress (level 18)
41687: bribed Asmodeus with 40 zorkmids for safe passage
41836: killed Juiblex
42061: bribed Baalzebub with 30 zorkmids for safe passage
42339: destroyed Vlad the Impaler
42350: acquired the Candelabrum of Invocation
44168: wished for "blessed greased fixed ring of conflict", got "a greased twisted ring"
44180: genocided class h
44196: wished for "blessed greased fixed magic marker", got "a greased magic marker"
44479: killed the Wizard of Yendor
44485: acquired the Book of the Dead
44500: performed the invocation
44633: killed the high priest of Moloch
44640: acquired The Amulet of Yendor
45143: killed the invisible Orcus
46016: killed the Wizard of Yendor (2nd time)
46129: killed the Wizard of Yendor (3rd time)
46143: entered the Elemental Planes
46143: entered Plane of Earth
46225: entered Plane of Air
46266: entered Plane of Fire
46296: entered Plane of Water
46299: genocided class ;
46339: entered the Astral Plane
46350: killed Pestilence
46360: ascended

Vanquished creatures:

Orcus
Juiblex
the Wizard of Yendor (4 times)
Pestilence
Vlad the Impaler
a high cleric
Medusa
16 krakens
an iron golem
3 storm giants
a glass golem
2 purple worms
2 gray dragons
2 gold dragons
3 red dragons
3 orange dragons
2 black dragons
a blue dragon
2 green dragons
2 yellow dragons
14 minotaurs
3 jabberwocks
the Dark One
3 baluchitheria
2 stone golems
3 master mind flayers
an Olog-hai
2 Nazgul
a sandestin
2 hell hounds
a displacer beast
2 trappers
a baby white dragon
a baby black dragon
a guardian naga
a genetic engineer
4 disenchanters
25 vampire leaders
4 skeletons
5 shopkeepers
2 prisoners
4 aligned clerics
3 captains
6 shades
a clay golem
4 nurses
4 ice devils
4 nalfeshnees
a lurker above
2 Aleaxes
a frost giant
a golden naga
6 black puddings
21 vampires
5 lieutenants
a watch captain
27 ghosts
a rogue
a wizard
6 queen bees
2 winged gargoyles
2 mind flayers
16 giant mimics
2 long worms
7 zruties
2 fire giants
2 ogre tyrants
6 ice trolls
9 umber hulks
a flesh golem
4 elven monarchs
a doppelganger
a hezrou
6 bone devils
17 large mimics
a wumpus
8 stalkers
5 earth elementals
5 water elementals
5 hill giants
3 giant mummies
14 xorns
14 giant zombies
7 elf-nobles
6 sergeants
5 barbed devils
4 vrocks
a salamander
5 wargs
3 winter wolves
5 hell hound pups
17 small mimics
2 glass piercers
4 warhorses
a steam vortex
5 xans
an ettin mummy
an ogre leader
7 quantum mechanics
12 trolls
a sasquatch
2 wood golems
2 erinyes
8 sharks
8 electric eels
11 gelatinous cubes
2 pyrolisks
5 large dogs
3 freezing spheres
7 flaming spheres
2 shocking spheres
2 large cats
2 tigers
6 gargoyles
3 dwarf rulers
12 tengu
4 ochre jellies
10 leocrottas
a stone giant
3 elf mummies
6 human mummies
2 red nagas
3 pythons
3 pit vipers
5 cobras
43 wraiths
5 carnivorous apes
14 ettin zombies
2 leather golems
9 Grey-elves
49 soldiers
4 watchmen
5 amorous demons
3 horned devils
9 chameleons
7 crocodiles
9 giant beetles
5 quivering blobs
14 cockatrices
8 wolves
7 winter wolf cubs
2 lynxes
a panther
2 gremlins
2 spotted jellies
53 leprechauns
5 iron piercers
2 mumakil
7 giant spiders
3 scorpions
9 horses
an ice vortex
a black light
69 vampire bats
4 forest centaurs
4 gnome rulers
6 orc mummies
an ogre
3 brown puddings
10 rust monsters
10 owlbears
4 yetis
6 werewolves
6 Green-elves
6 piranha
24 giant eels
12 lizards
a chickatrice
4 dingoes
3 dogs
3 housecats
5 jaguars
5 dwarf leaders
6 blue jellies
6 white unicorns
3 gray unicorns
5 dust vortices
24 ravens
5 plains centaurs
4 gnome mummies
8 snakes
3 water moccasins
6 apes
19 human zombies
9 Woodland-elves
12 soldier ants
2 fire ants
11 bugbears
6 imps
4 lemures
19 quasits
2 wood nymphs
4 water nymphs
6 mountain nymphs
3 Mordor orcs
3 Uruk-hai
2 orc shamans
6 rock piercers
5 rock moles
9 ponies
3 fog clouds
5 yellow lights
2 shriekers
5 violet fungi
23 gnome leaders
13 gnomish wizards
2 kobold mummies
a red naga hatchling
5 gray oozes
3 barrow wights
14 elf zombies
5 ghouls
3 straw golems
4 paper golems
8 jellyfish
17 giant ants
3 little dogs
14 floating eyes
a kitten
19 dwarves
6 homunculi
8 kobold leaders
3 kobold shamans
10 hill orcs
25 rothes
2 rabid rats
4 centipedes
13 giant bats
5 monkeys
15 orc zombies
12 dwarf zombies
3 wererats
19 iguanas
111 killer bees
2 acid blobs
3 coyotes
2 gas spores
14 hobbits
6 manes
4 large kobolds
21 hobgoblins
9 giant rats
4 cave spiders
3 brown molds
9 yellow molds
2 green molds
a red mold
62 gnomes
6 garter snakes
14 gnome zombies
12 geckos
6 jackals
a fox
3 kobolds
7 goblins
18 grid bugs
3 bats
13 lichens
20 kobold zombies
16 newts
1866 creatures vanquished.

Genocided or extinct species:

killer bees (extinct)
hobbits
dwarves
bugbears
dwarf leaders
dwarf rulers
mind flayers
master mind flayers
liches
demiliches
master liches
arch-liches
erinyes (extinct)
jellyfish
piranha
sharks
giant eels
electric eels
krakens
17 species genocided.
2 species extinct.

Voluntary challenges:

You read items or engraved 164 times.
You engraved Elbereth 8 times.
You genocided 17 types of monsters.
You never polymorphed an object.
You used 6 wishes.
You did not wish for any artifacts.
You did not violate any of the special Sokoban rules.

Achievements:

You entered the Gnomish Mines.
You attained the rank of Conjurer.
You attained the rank of Thaumaturge.
You entered Minetown.
You entered a temple.
You entered a shop.
You entered Sokoban.
You attained the rank of Magician.
You completed Sokoban.
You completed the Gnomish Mines.
You read from a Discworld novel.
You attained the rank of Enchantress.
You had the Bell of Opening.
You defeated Medusa.
You entered Gehennom.
You attained the rank of Sorceress.
You had the Candelabrum of Invocation.
You had the Book of the Dead.
You gained access to Moloch's Sanctum.
You reached the Elemental Planes.
You reached the Astral Plane.
You delivered the Amulet of Yendor.
You ascended!

The Elemental Planes:

   Astral Plane: <- You are here.
A temple to Anhur.
Plane of Water:
Plane of Fire:
Plane of Air:
Plane of Earth:

The Dungeons of Doom: levels 1 to 29

   Level 1: "fake bones"
Some fountains.
One way stairs up to The Elemental Planes.
Level 2: "crap books"
An untended shop, some fountains.
Level 3: "sell stash >"
Level 4: "pony"
A fountain.
Stairs down to The Gnomish Mines.
Level 5: "book stash chest"
Level 6:
Level 7: "shk $45"
An untended shop.
Level 8: "stash 0"
A fountain.
Oracle of Delphi.
Level 9: "sink foo+ring, polytrap"
A fountain, a sink.
Stairs up to Sokoban, level 8.
Level 10:
Level 11:
A fountain.
Level 12:
Level 13:
Level 14:
Level 15:
A primitive area.
Portal to The Quest.
Level 16:
Level 17:
An altar to Anhur.
Level 18: "crap + {"
Some fountains.
Level 19:
An altar to Anhur.
Level 20: "shk $269"
A general store.
Level 21:
Level 22:
A grave.
Level 23:
A general store, a grave.
Level 24:
Level 25:
A scroll shop.
Level 26:
A shop.
Level 27:
Level 28:
Level 29:
A throne, a fountain.
The castle.

Gehennom: levels 30 to 52

   Level 30:
A temple, many graves.
Valley of the Dead.
Level 31:
Level 32:
Level 33:
Level 34:
Level 35:
A fountain.
Level 36: "backup BoH <"
Level 37:
Level 38:
Level 39:
Some shops, an altar, a grave.
Stairs up to Vlad's Tower, level 38.
Level 40:
Level 41:
Level 42:
Level 43:
Level 44:
Level 45:
Level 46:
Level 47:
Level 48:
Level 49:
Level 50:
Level 51:
Level 52:
A temple, many graves.
Moloch's Sanctum.

The Gnomish Mines: levels 5 to 12

   Level 5: "sell stash >"
Level 6:
Level 7:
Level 8: "uni horn _, +Sleep/Detect Monsters"
Many shops, a temple to Anhur.
Level 9: "yeenoghu"
Level 10: "stash >"
Level 11:
Level 12:

The Quest: levels 1 to 6

   Level 1:
Completed quest for Neferet the Green.
Level 2:
Level 3:
Level 4:
Level 5:
Level 6:
A temple to Anhur.

Sokoban: levels 8 up to 5

   Level 5: "horned devil"
Solved.
Level 6:
Solved.
Level 7:
Solved.
Level 8:
Solved.

Vlad's Tower: levels 38 up to 36

   Level 36:
Level 37:
Level 38:

Goodbye rustyspoon the Demigoddess...


You went to your reward with 1859806 points,
Magicbane (worth 3500 zorkmids and 8750 points)
The Book of the Dead (worth 10000 zorkmids and 25000 points)
The Candelabrum of Invocation (worth 5000 zorkmids and 12500 points)
The Eye of the Aethiopica (worth 4000 zorkmids and 10000 points)
The Bell of Opening (worth 5000 zorkmids and 12500 points)
and 0 pieces of gold, after 46360 moves.
You were level 19 with a maximum of 319 hit points when you ascended.